 Dungeon Crawl Stone Soup version 0.29-a0-222-g5b244fca1f (webtiles) character file.

Game seed: 8189840780460792370

112 Azmakalis the Stinger (level 4, 0/27 HPs)
             Began as an Octopode Venom Mage on Feb 27, 2022.
             Slain by an orc
             ... wielding a +0 whip
              (6 damage)
             ... on level 2 of the Dungeon.
             The game lasted 00:06:09 (3060 turns).

Azmakalis the Stinger (Octopode Venom Mage)         Turns: 3060, Time: 00:06:09

Health: 0/27       AC:  1    Str:  7    XL:     4   Next: 93%
Magic:  5/8        EV: 13    Int: 19    God:
Gold:   136        SH:  0    Dex: 12    Spells: 2/8 levels left

rFire   . . .      SeeInvis .   e - +1 dagger (venom)
rCold   + . .      Faith    .   (no shield)
rNeg    . . .      Spirit   .   (helmet restricted)
rPois   .          Reflect  .   (no amulet)
rElec   .          Harm     .   I - ring of protection from cold
rCorr   .          Rampage  .   W - ring of wizardry {Wiz+}
Will    .....                   (no ring)
Stlth   +++.......              (no ring)
HPRegen 0.09/turn               (no ring)
MPRegen 0.11/turn               (no ring)
                                (no ring)
                                (no ring)

@: no status effects
A: almost no armour, amphibious, 8 rings, camouflage 1, gelatinous body 1,
(nimble swimmer 1), tentacles
a: no special abilities


You were on level 2 of the Dungeon.
You visited 1 branch of the dungeon, and saw 3 of its levels.

You collected 136 gold pieces.

Inventory:

Hand Weapons
 b - a +0 long sword
 e - a +1 dagger of venom (weapon)
Jewellery
 h - a ring of fire {rF+, rC-}
 I - a ring of protection from cold (left tentacle)
 W - a ring of wizardry (right tentacle) {Wiz+}
Scrolls
 c - 2 scrolls of magic mapping {!r}
 f - 2 scrolls of teleportation {unknown}
 g - a scroll of identify {unknown}
Potions
 a - a potion of heal wounds {unknown}
 d - a potion of curing {unknown}
 i - a potion of attraction {unknown}


   Skills:
 - Level 2.0 Dodging
 - Level 2.6 Stealth
 + Level 2.7 Spellcasting
 - Level 1.0 Transmutations
 - Level 6.1 Poison Magic


You had 2 spell levels left.
You knew the following spells:

 Your Spells              Type           Power      Damage    Failure   Level
a - Sting                 Tmut/Pois      64%        1d6       1%          1
b - Poisonous Vapours     Pois/Air       28%        N/A       2%          2
x - Mephitic Cloud        Conj/Pois/Air  10%        N/A       9%          3

Your spell library contained the following spells:

 Spells                   Type           Power      Damage    Failure   Level
 Shock                    Conj/Air       8%         1d3       6%          1
 Olgreb's Toxic Radiance  Pois           25%        N/A       5%          4
 Swiftness                Air            2%         N/A       19%         3
 Airstrike                Air            1%         N/A       50%         4


Dungeon Overview and Level Annotations

Branches:
Dungeon (3/15)

Altars:

Shops:
D:1 (((([   D:3 ?


Innate Abilities, Weirdness & Mutations

You cannot wear most types of armour.
You are amphibious.
You can wear up to eight rings at the same time.
Your skin changes colour to match your surroundings (Stealth+).
Your rubbery body absorbs attacks. (AC +1, EV +1)
((You are camouflaged when in or above water. (Stealth+)))
You have tentacles for arms and can constrict up to eight enemies at once.


Message History

Poisonous vapours surround the gnoll!
The gnoll looks even sicker.
Health restored: 27 You now have 4/8 mp.
Aim: a gnoll, wielding a +0 halberd (moderately wounded, poisoned) Poisonous vapours surround the gnoll!
The gnoll looks even sicker.
* * * LOW MAGIC WARNING * * *
The gnoll closely misses you.
You now have 3/8 mp.
There is an escape hatch in the ceiling here.
An orc comes into view. It is wielding a +0 whip.
There is an entrance to Yphitushrupt's Magic Scroll Emporium here.
The orc hits you with a +0 whip.
There is a stone staircase leading up here.
You take 5 damage, and have 22/27 hp.
The orc closely misses you.
The gnoll hits you from afar with a +0 halberd!
* * * LOW HITPOINT WARNING * * *
You climb upwards.
There is a stone staircase leading down here.
You take 10 damage, and have 12/27 hp.
MASSIVE DAMAGE!!
You barely miss the orc. The orc hits you with a +0 whip.
* * * LOW HITPOINT WARNING * * *
You take 6 damage, and have 6/27 hp.
MASSIVE DAMAGE!!
Unknown command.
The orc hits you with a +0 whip.
* * * LOW HITPOINT WARNING * * *
You take 1 damage, and have 5/27 hp.
Aim: an orc, wielding a +0 whip and wearing a +0 leather armour Poisonous vapours surround the orc!
The orc is poisoned.
You now have 4/8 mp.
The orc looks more healthy.
The orc hits you with a +0 whip.
* * * LOW HITPOINT WARNING * * *
You take 2 damage, and have 6/27 hp.
Aim: an orc, wielding a +0 whip and wearing a +0 leather armour (severely wounded) Poisonous vapours surround the orc!
The orc is poisoned.
The orc hits you with a +0 whip.
You die...

#....<.......###### ##### #
#.#...######......# #....
#######......##########.#####.###
........#...###.............#.#..
##########.## #.###.###.###.#.#.#
# #.# #.# #.# #.# #.#.#.# ## #.#
#.# #.###.# #.#.... .## ##'##
#.###....)# #.###.# ..#
##...###.@o.....># #.# #.# ).#
##.....##.#######.# #.# #.. ..#
##.......#.# #.###.# #.#
..####..........# #.....###.#
.....'..........# #..........
..####..........# #.#######.. ..#
##.......#.# #.# ##. ..#
##.....##.#######.# #. .##
##...###.........# ##


You could see an orc (poisoned).

Levels and vault maps discovered:
D:1:      lemuel_arrival_cross, layout_loops_ring, serial_shops,
          nicolae_shop_crystal, nicolae_shop_waterfront,
          nicolae_shop_hallway_stairs, shop, nicolae_shop_hallway_stairs,
          chequers_serial_rivers_large_a, minmay_misc_feat_diagonals,
          minmay_pentomino_v2
D:2:      layout_loops_corners
D:3:      layout_loops_ring, serial_shops, shop, uniq_jessica

Notes
Turn   | Place    | Note
-------+----------+-------------------------------------------
     0 | D:1      | Azmakalis the Octopode Venom Mage began the quest for the
                  | Orb.
     0 | D:1      | Reached XP level 1. HP: 11/11 MP: 3/3
   117 | D:1      | Identified a +0 long sword
   166 | D:1      | Found Ufadgheaw's Weapon Shop.
   206 | D:1      | Reached skill level 4 in Poison Magic
   441 | D:1      | Identified a +0 whip
   449 | D:1      | Reached XP level 2. HP: 7/17 MP: 5/5
   452 | D:1      | Learned a level 2 spell: Poisonous Vapours
   795 | D:1      | Identified a +0 club
   870 | D:1      | Found Ness's Armour Shop.
   885 | D:1      | Identified a ring of protection from cold
   934 | D:1      | Found Ivatt's Antique Weapon Shoppe.
   939 | D:1      | Identified a +0 short sword
   982 | D:1      | Found Neijek's Weapon Shoppe.
  1041 | D:1      | Found Tidil's Weapon Boutique.
  1056 | D:1      | Identified a +1 dagger of venom
  1103 | D:1      | Identified a ring of wizardry
  1443 | D:2      | Identified a +0 club
  1656 | D:2      | Identified a +0 mace
  1686 | D:2      | Identified a +0 dagger
  1692 | D:2      | Reached XP level 3. HP: 20/21 MP: 6/6
  1696 | D:2      | Learned a level 3 spell: Mephitic Cloud
  1696 | D:2      | Identified 3 scrolls of magic mapping
  1737 | D:2      | Identified a +0 mace
  1754 | D:2      | Reached skill level 5 in Poison Magic
  1937 | D:2      | Identified a ring of fire
  2260 | D:2      | Identified a +0 dagger
  2464 | D:3      | Found Yphitushrupt's Magic Scroll Emporium.
  2464 | D:3      | Identified a +0 dagger
  2545 | D:3      | Identified a +0 robe
  2546 | D:3      | Identified a +0 club
  2546 | D:3      | Identified a +0 robe
  2546 | D:3      | Noticed Jessica
  2562 | D:3      | Killed Jessica
  2563 | D:3      | Reached skill level 6 in Poison Magic
  2563 | D:3      | Reached XP level 4. HP: 20/27 MP: 1/7
  2637 | D:3      | Identified a +0 dagger
  2800 | D:3      | Identified a +0 club
  2806 | D:3      | Identified a +0 halberd
  2810 | D:3      | Identified a +0 whip
  2843 | D:3      | Identified a +0 spear
  3009 | D:3      | Identified a +0 whip
  3009 | D:3      | Identified a +0 leather armour
  3015 | D:2      | HP: 6/27 [orc/+0 whip (6)]
  3054 | D:2      | HP: 6/27 [orc/+0 whip (2)]
  3060 | D:2      | Slain by an orc

Table legend: (Time is in decaauts)
 A = Elapsed time spent in this place.
 B = Non-inter-level travel time spent in this place.
 C = Inter-level travel time spent in this place.
 D = Time resting spent in this place.
 E = Time spent auto-exploring this place.
 F = Levels seen in this place.
 G = Mean time per level.
                   A        B        C        D        E       F      G
               +--------+--------+--------+--------+--------+-----+--------+
         Total |   3069 |   2936 |    133 |      4 |   2530 |   3 | 1023.0 |
       Dungeon |   3069 |   2936 |    133 |      4 |   2530 |   3 | 1023.0 |
               +--------+--------+--------+--------+--------+-----+--------+

Top non-repeatable levels by time:
     D:1: 1437 daAuts
     D:2: 1164 daAuts
     D:3: 467 daAuts

Table legend:
 A = Kills in this place as a percentage of kills in entire the game.
 B = Kills by you in this place as a percentage of kills by you in the entire game.
 C = Kills by friends in this place as a percentage of kills by friends in the entire game.
 D = Other kills in this place as a percentage of other kills in the entire game.
 E = Experience gained in this place as a percentage of experience gained in the entire game.
 F = Experience gained in this place divided by the number of levels of this place that you have seen.
                   A       B       C       D       E      F
               +-------+-------+-------+-------+-------+----------------------
         Total | 100.0 | 100.0 |   N/A |   N/A | 100.0 |  53.3
       Dungeon | 100.0 | 100.0 |   N/A |   N/A | 100.0 |  53.3
               +-------+-------+-------+-------+-------+----------------------

Skill      XL: |  1  2  3 |
---------------+----------+-----
Poison Magic   | 4 6 |  6.1
Dodging        | |  2.0
Stealth        | |  2.6
Spellcasting   | |  2.7
Transmutations | |  1.0

Action                   |  1- 3 |  4- 6 || total
-------------------------+-------+-------++-------
Melee: Long sword        |    23 |       ||    23
       Unarmed           |     3 |       ||     3
       Tentacles         |    12 |     3 ||    15
       Constrict         |    11 |     4 ||    15
       Dagger            |    33 |    17 ||    50
       Punch             |       |     1 ||     1
 Cast: Poisonous Vapours |    10 |    10 ||    20
  Use: Scroll            |     1 |       ||     1
 Stab: Sleeping          |    12 |     1 ||    13
Armor: Skin              |     4 |       ||     4
Dodge: Dodged            |    32 |    10 ||    42

Vanquished Creatures
  Jessica (D:3)
  2 gnolls
  2 adders
  A worm (D:3)
  A dart slug (D:1)
  5 endoplasms
  3 hobgoblins
  2 jackals (D:2)
  6 kobolds
  2 quokkas
  5 ball pythons
  5 bats
  4 frilled lizards
  2 goblins
  2 rats
43 creatures vanquished.
